[Event "Open Nuevo Centro. Jornada 2"]
[Site "Chess.com"]
[Date "2020.06.26"]
[Round "7"]
[White "Montesinos Diaz, Luis"]
[Black "Donate Moreno, Silvia"]
[Result "1-0"]
[WhiteElo "1908"]
[BlackElo "1782"]
[TimeControl "180+2"]
[EndTime "11:45:40 PDT"]
[Termination "Victoria de Gwiso_06 por abandono"]

1. d4 Nf6 2. Nf3 g6 3. Bg5 Bg7 4. Nbd2 d5 5. c3 O-O 6. h4 h6 7. Bf4 Nbd7 8. Qc2 Nh5 9. Bh2 f5 10. e3 Qe8 11. c4 c6 12. cxd5 cxd5 13. Bb5 Nhf6 14. Ne5 a6 15. Ba4 b5 16. Bb3 Bb7 17.
Qd3 e6 18. Bf4 Ne4 19. a4 Nxe5 20. dxe5 Qd7 21. O-O Rfd8 22. f3 Nxd2 23. Qxd2 Qe7 24.
Bg3 Rdc8 25. Rfc1 Qd7 26. e4 fxe4 27. fxe4 d4 28. axb5 axb5 29. Rxa8 Rxa8 30. Qb4 Bxe4 31. Qd6 Qxd6 32. exd6 Bd5 33. Bxd5 exd5 34. d7 Rd8 35. Rc8 Bf6 36. Bc7 d3 37. Bxd8 Bxd8 38. Rxd8+ Kf7 39.
Rf8+ Kxf8 40. d8=Q+ Kg7 41. Qxd5 d2 42. Qxd2 1

[Event "Open Nuevo Centro. Jornada 2"]
[Site "Chess.com"]
[Date "2020.06.26"]
[Round "7"]
[White "Gimenez Saiz, Jose Raul"]
[Black "Bosch Jordà, Ricard"]
[Result "0-1"]
[WhiteElo "1528"]
[BlackElo "1759"]
[TimeControl "180+2"]
[EndTime "11:45:45 PDT"]
[Termination "Victoria de UltimateLimo por abandono"]

1. d4 Nf6 2. e3 e6 3. Bd3 b6 4. f4 Bb7 5. Nf3 c5 6. c3 cxd4 7. exd4 d5 8. Nbd2 Nbd7 9. O-O Bd6 10.
Ne5 O-O 11. Qf3 Re8 12. g4 Ne4 13. Nxe4 dxe4 14. Bxe4 Bxe4 15. Qxe4 Nf6 16. Qf3 Nd5 17. Be3 b5 18. Rae1 Qc7 19. g5 Bxe5 20. fxe5 b4 21.
c4 Qxc4 22. Qxf7+ Kh8 23. g6 Nxe3 24. Rxe3 Qxd4 25. Qf2 Rad8 26. gxh7 Rf8 27. Rf3 Rxf3 28. Qxd4 Rxf1+ 29. Kxf1 Rxd4 0

[Event "Open Nuevo Centro. Jornada 2"]
[Site "Chess.com"]
[Date "2020.06.26"]
[Round "7"]
[White "Zamora Soler, Raul"]
[Black "Aymerich Rosell, Pablo"]
[Result "1/2-1/2"]
[WhiteElo "1788"]
[BlackElo "1988"]
[TimeControl "180+2"]
[EndTime "11:45:50 PDT"]
[Termination "Tablas por repeticiÃ³n de movimientos"]

1. e4 c6 2. d4 d5 3. exd5 cxd5 4.
Bd3 Nc6 5. c3 Qc7 6. Ne2 Bg4 7.
f3 Bd7 8. Bf4 e5 9. dxe5 Nxe5 10. O-O Bd6 11. Bxe5 Bxe5 12. f4 Bd6 13. Nd4 Ne7 14.
g3 O-O 15. Nd2 Bh3 16. Re1 Rae8 17. Bxh7+ Kxh7 18. Qh5+ Kg8 19. Qxh3 Qb6 20. Rab1 Bc5 21. Nb3 Nc6 22. Rxe8 Bxd4+ 23. cxd4 Rxe8 24. Qf1 Nxd4 25. Nxd4 Qxd4+ 26. Qf2 Qd3 27. Re1 Re4 28. Rxe4 dxe4 29. Qxa7 e3 30. Qb8+ Kh7 31. Qe5 Qd1+ 32. Kg2 e2 33.
Qf5+ Kg8 34. Qc8+ Kh7 35. Qf5+ Kh8 36. Qc8+ Kh7 37. Qf5+ 1/2-1

[Event "Open Nuevo Centro. Jornada 2"]
[Site "Chess.com"]
[Date "2020.06.26"]
[Round "7"]
[White "Ferrando Lacruz, Nicolás "]
[Black "Martínez Cuenca, Adrián "]
[Result "0-1"]
[WhiteElo "1008"]
[BlackElo "746"]
[TimeControl "180+2"]
[EndTime "11:46:12 PDT"]
[Termination "Victoria de AdrianM12 por jaque mate"]

1. d4 d5 2. Bf4 Nc6 3. Nf3 Nf6 4. e3 g6 5. Nbd2 Bg7 6. Ne5 O-O 7.
Bd3 Nb4 8. h4 a5 9. g4 Nxd3+ 10.
cxd3 a4 11. h5 b6 12. hxg6 fxg6 13. g5 Ng4 14. Qf3 Nxe5 15. Bxe5 Bxe5 16. Qh3 Bxh3 17. Rxh3 Qd7 18. Rf3 Rxf3 19. Nxf3 Bg7 20. Ke2 c5 21.
dxc5 bxc5 22. d4 cxd4 23. exd4 Qb5+ 24. Ke3 e5 25. dxe5 Bxe5 26. Nxe5 Qxb2 27. Rf1 Qxa2 28. f4 Qa3+ 29. Ke2 Qb2+ 30. Ke3 Qb5 31. Kd4 Qxf1 32. Kc5 Qxf4 33. Nd7 Qc7+ 34. Kd4 Qxd7 35.
Ke5 Qc6 36. Kf4 Qc4+ 37. Ke5 Re8+ 38. Kd6 Qc8 39. Kxd5 Qd8+ 40. Kc6 Re7 41. Kc5 Rc7+ 42. Kb6 Qb8+ 43. Ka6 a3 44. Ka5 a2 45. Ka6 a1=Q# 0

[Event "Open Nuevo Centro. Jornada 2"]
[Site "Chess.com"]
[Date "2020.06.26"]
[Round "7"]
[White "Cayon Pelaez, Pablo"]
[Black "Lopez Mateo, Juan Carlos"]
[Result "0-1"]
[WhiteElo "1795"]
[BlackElo "2000"]
[TimeControl "180+2"]
[EndTime "11:46:29 PDT"]
[Termination "Victoria de Tarantantinov por tiempo"]

1. e4 c5 2. Nf3 e6 3. c3 Nf6 4. e5 Nd5 5. d4 cxd4 6. cxd4 d6 7. Bc4 Nc6 8. O-O Be7 9. Nc3 Nxc3 10. bxc3 dxe5 11.
dxe5 Qc7 12. Re1 b6 13. Bb3 O-O 14. Bb2 Rd8 15. Qe2 a6 16. Rad1 Bb7 17. Nd4 Rac8 18. Nxe6 fxe6 19. Bxe6+ Kh8 20. Bxc8 Bxc8 21. Rxd8+ Nxd8 22.
Qf3 Be6 23. a3 Kg8 24. Qh5 Qc6 25. Qf3 Bd5 26. Qg3 Ne6 27. f4 Bc5+ 28. Kh1 Nxf4 29. Rg1 Ne2 0

[Event "Open Nuevo Centro. Jornada 2"]
[Site "Chess.com"]
[Date "2020.06.26"]
[Round "7"]
[White "Cinà Asensio, Luca "]
[Black "Zakharash, Georgii"]
[Result "0-1"]
[WhiteElo "628"]
[BlackElo "1066"]
[TimeControl "180+2"]
[EndTime "11:46:29 PDT"]
[Termination "Victoria de georgiizakharash por jaque mate"]

1. e4 c5 2. Bc4 d6 3. Nf3 Nf6 4. Ng5 e6 5. O-O Be7 6. d3 O-O 7. Qe1 Nc6 8. Bb5 Bd7 9. Bxc6 Bxc6 10. Qd1 a6 11. Bd2 b5 12. Qe1 d5 13. Ba5 Qd7 14. exd5 exd5 15. Nf3 b4 16. b3 Rab8 17. Nbd2 Rb5 18. Ne5 Bd6 19. Nxd7 Bxd7 20. Bxb4 Rxb4 21. Nf3 Re8 22. Qd2 Bf4 23. Qxf4 Rxf4 24. Nd2 Rb4 25. c3 Rb6 26. Rab1 Rbe6 27. g3 Re2 28. Rfe1 Rxe1+ 29.
Rxe1 Rxe1+ 30. Kg2 Re2 31. Nf3 Rxa2 32. c4 dxc4 33.
bxc4 Rd2 34. Nxd2 a5 35. Nb3 a4 36. Nxc5 a3 37. Nb3 a2 38. Kf1 Ba4 39. Na1 Nd7 40.
Ke1 Nc5 41. Kd2 Nb3+ 42. Nxb3 Bxb3 43. Kc1 a1=Q+ 44. Kd2 Qd1+ 45. Ke3 Bc2 46. Kd4 Qxd3+ 47. Kc5 Bb3 48. Kb4 Qxc4+ 49. Ka5 Ba4 50. Kb6 Qb5+ 51. Kc7 Qa6 52. Kd8 Qa7 53. Kc8 Bd7+ 54. Kd8 Ba4 55.
Kc8 Qd7+ 56. Kb8 Bc6 57. g4 Qb7# 0

[Event "Open Nuevo Centro. Jornada 2"]
[Site "Chess.com"]
[Date "2020.06.26"]
[Round "7"]
[White "Remolar Gallen, Jose"]
[Black "Silva Rodriguez, Fernando"]
[Result "0-1"]
[WhiteElo "2349"]
[BlackElo "2478"]
[TimeControl "180+2"]
[EndTime "11:46:37 PDT"]
[Termination "Victoria de HarnFer por jaque mate"]

1. d4 d5 2. c4 dxc4 3. e4 b5 4.
a4 c6 5. Nf3 Nf6 6. b3 Nxe4 7. axb5 cxb5 8. bxc4 b4 9. Bd3 Bb7 10.
Qa4+ Nd7 11. Qxb4 Qc7 12. Bf4 e5 13. Qb5 exf4 14. O-O Be7 15. Re1 Nd6 16. Qg5 Nf6 17.
Qxg7 Rg8 18. Qxf6 Bxf3 19. c5 Rxg2+ 20. Kf1 Ne4 21. Qh8+ Kd7 22. Bb5+ Ke6 23. Bc4+ Kf5 24. Qxh7+ Rg6 25. Qxf7+ Bf6 26. Be6+ Kg5 27. Qxc7 Nd2+ 28.
Kg1 Kh4+ 29. Bg4 Rxg4# 0

[Event "Open Nuevo Centro. Jornada 2"]
[Site "Chess.com"]
[Date "2020.06.26"]
[Round "7"]
[White "Alvarez Usina, Jordi"]
[Black "Ainsa Jimenez, Lucas"]
[Result "1-0"]
[WhiteElo "1213"]
[BlackElo "909"]
[TimeControl "180+2"]
[EndTime "11:46:51 PDT"]
[Termination "Victoria de jordi_alvarez por jaque mate"]

1. d4 d5 2. Bf4 Nf6 3. e3 Nc6 4. Nf3 Bf5 5. Nbd2 Nb4 6. c3 Nc2+ 7. Ke2 Qd7 8. Nb3 Nxa1 9. Qxa1 Qb5+ 10. Kd2 Qd7 11.
Nc5 Qc6 12. Ne5 Qb6 13. Na4 Qe6 14. Nc5 Qd6 15. Nxf7 Qe6 16. Nxe6 Rg8 17. Nxc7+ Kd7 18.
Nxa8 e6 19. Nc7 e5 20. Bxe5 Ng4 21. Bb5+ Ke7 22. Ng5 Nxf2 23. Rf1 Ne4+ 24. Ke2 Nxg5 25. Rxf5 Kd8 26. Qf1 Ke7 27. Bg3 h6 28. Bh4 g6 29.
Nxd5+ Ke6 30. Rxf8 Rxf8 31. Nc7+ Ke7 32. Bxg5+ hxg5 33. Nd5+ Ke6 34. Qxf8 Kxd5 35. Qf7+ Ke4 36. Qxg6+ Kd5 37. Qf5+ Kd6 38. Qxg5 Kc7 39. h4 Kb6 40. h5 Ka5 41. Bd3+ Kb6 42. h6 Kc6 43. h7 a6 44.
h8=Q Kb6 45. Qhf6+ Ka7 46. Qge5 Ka8 47. Qd8+ Ka7 48.
Qc5+ b6 49. Qcc7# 1

[Event "Open Nuevo Centro. Jornada 2"]
[Site "Chess.com"]
[Date "2020.06.26"]
[Round "7"]
[White "Gimeno Higueras, Roberto"]
[Black "Salvador Buiza, Victor"]
[Result "1-0"]
[WhiteElo "1986"]
[BlackElo "1761"]
[TimeControl "180+2"]
[EndTime "11:46:56 PDT"]
[Termination "Victoria de Chicogrande2 por tiempo"]

1. e4 e5 2. Nf3 Nc6 3. Bb5 Bc5 4. O-O d6 5. c3 Bg4 6. h3 Bxf3 7. Qxf3 Ne7 8. a4 a6 9. Bc4 O-O 10. d3 a5 11. Kh1 Qe8 12. Qg3 Kh8 13. f4 f5 14. Nd2 exf4 15. Rxf4 fxe4 16. Nxe4 Nf5 17. Qg4 Ne5 18. Qe2 Nxc4 19. dxc4 Ng3+ 20. Nxg3 Qg6 21.
Rg4 Qf6 22. Bg5 Qg6 23. Rf1 Rxf1+ 24. Qxf1 d5 25. Qf5 Qe8 26. Bd2 Qe7 27. cxd5 Re8 28. Re4 Qd8 29. Rxe8+ Qxe8 30. Qe6 Qf8 31. Nf5 h6 32.
Be3 Bxe3 33. Nxe3 Qf2 34. Qc8+ Kh7 35. Qf5+ Qxf5 36. Nxf5 1

[Event "Open Nuevo Centro. Jornada 2"]
[Site "Chess.com"]
[Date "2020.06.26"]
[Round "7"]
[White "Vega Gutiérrez, Sabrina"]
[Black "Yuste Valenzuela, Alejandro"]
[Result "1-0"]
[WhiteElo "2046"]
[BlackElo "1849"]
[TimeControl "180+2"]
[EndTime "11:46:57 PDT"]
[Termination "Victoria de Valeron87 por abandono"]

1. e4 c5 2. Nf3 d6 3. d4 cxd4 4.
Qxd4 Nc6 5. Bb5 Bd7 6. Bxc6 Bxc6 7. Nc3 Nf6 8. Bg5 e6 9. O-O-O Be7 10. Qd3 Qa5 11. h4 Qa6 12. Qxa6 bxa6 13. Nd4 Bb7 14. f3 h6 15. Be3 O-O 16. Nb3 Rfb8 17. g4 Nd7 18. g5 h5 19. f4 g6 20. Rhe1 f6 21. f5 gxf5 22. exf5 exf5 23. Nd4 fxg5 24. Nxf5 Bf8 25. hxg5 Ne5 26. Nxd6 Bxd6 27. Rxd6 Nc4 28.
Rg6+ Kf7 29. Rf6+ Kg7 30. Bd4 Kg8 31. Rg6+ Kf8 32. Bc5+ Kf7 33. Rf6+ Kg8 34. Re7 Rd8 35. Rg6+ Kh8 36. Rxb7 Rac8 37. Be7 1

[Event "Open Nuevo Centro. Jornada 2"]
[Site "Chess.com"]
[Date "2020.06.26"]
[Round "7"]
[White "Cebolla Ruiz, David"]
[Black "Valero Martinez, Óscar"]
[Result "1-0"]
[WhiteElo "1575"]
[BlackElo "1161"]
[TimeControl "180+2"]
[EndTime "11:46:59 PDT"]
[Termination "Victoria de Dabelcebolla por jaque mate"]

1. e4 e5 2. Nf3 Nc6 3. Bb5 Nf6 4. Bxc6 bxc6 5. O-O d5 6. Nxe5 Nxe4 7. Nxc6 Qf6 8. Na5 Ba6 9. d3 Bc5 10. Be3 Bd4 11.
Bxd4 Qxd4 12. c3 Qb6 13. Nb3 Nc5 14. Nxc5 Qxc5 15. Re1+ Kf8 16. Qa4 Bb5 17. Qb4 Qxb4 18. cxb4 Bxd3 19. Nc3 Kg8 20. Re7 Rc8 21. Nxd5 Rd8 22.
Nxc7 Bc4 23. Re8+ Rxe8 24. Nxe8 h6 25. Nd6 Bd5 26. Rc1 Kh7 27. a3 Rd8 28. Nb5 Re8 29.
Nc3 Bc4 30. h3 Re5 31. Rd1 Be2 32. Nxe2 Rxe2 33. Rd7 Rxb2 34. Rxf7 a6 35. Ra7 Ra2 36. Rxa6 h5 37. b5 Rb2 38. b6 Rb1+ 39. Kh2 Rb3 40. a4 h4 41. a5 Rb5 42. Ra7 Kh6 43. b7 Kg5 44. a6 Ra5 45. Ra8 Rf5 46. b8=Q Rxf2 47.
Qd8+ Kf4 48. Qf8+ Ke3 49. Re8+ Kd2 50. Qd6+ Kc3 51. Rc8+ Kb2 52. Qb6+ Ka1 53. Qxf2 Kb1 54. Re8 Kc1 55. Re1# 1

[Event "Open Nuevo Centro. Jornada 2"]
[Site "Chess.com"]
[Date "2020.06.26"]
[Round "7"]
[White "Giaccio González, Alfredo Gustavo"]
[Black "Aguado, Pablo Luis"]
[Result "1-0"]
[WhiteElo "2354"]
[BlackElo "1802"]
[TimeControl "180+2"]
[EndTime "11:47:25 PDT"]
[Termination "Victoria de AGG2020 por abandono"]

1. e4 e5 2. Nf3 Nf6 3. Nxe5 d6 4. Nf3 Nxe4 5. c4 c6 6. Nc3 Nxc3 7. dxc3 Be7 8. Bf4 O-O 9. Bd3 d5 10.
Qc2 g6 11. O-O-O Be6 12. Nd4 Nd7 13. Nxe6 fxe6 14. Bd2 Qe8 15. f3 Nf6 16. Rhe1 Qf7 17. Bh6 Rfe8 18. Kb1 Bd6 19. g4 e5 20. cxd5 cxd5 21. Qb3 a5 22. a4 Rad8 23. h4 Bf8 24. Bg5 Bg7 25. h5 gxh5 26. gxh5 Qxh5 27. Bxf6 Bxf6 28.
Rh1 Qxf3 29. Rxh7 e4 30. Bc2 Kxh7 31. Qxb7+ Re7 32. Qb6 Rg7 33. Qxa5 Rdg8 34. Qxd5 Rg4 35. Re1 Qg3 36. Bxe4+ Kg7 37. Rh1 Rg5 38. Qd7+ Kf8 39. Bd5 R8g7 40. Rh8+ 1

[Event "Open Nuevo Centro. Jornada 2"]
[Site "Chess.com"]
[Date "2020.06.26"]
[Round "7"]
[White "Martínez Carvajal, Juan Francisco"]
[Black "Donate Moreno, David"]
[Result "0-1"]
[WhiteElo "1738"]
[BlackElo "1532"]
[TimeControl "180+2"]
[EndTime "11:47:30 PDT"]
[Termination "Victoria de sylar48 por abandono"]

1. Nf3 d5 2. c4 c5 3. cxd5 Qxd5 4. Nc3 Qd8 5. g3 Nc6 6. Bg2 Bf5 7. O-O Nf6 8. Nh4 Bg6 9. Nxg6 hxg6 10. d3 Ng4 11. h3 Nf6 12. Be3 e6 13. Rc1 Bd6 14. Nb5 Nd4 15. Bxb7 Nxb5 16. Bc6+ Ke7 17. Bxb5 Rb8 18.
Qa4 Rc8 19. Qxa7+ Rc7 20. Qb6 Rxh3 21. Bxc5 Bxc5 22. Rxc5 Rxc5 23. Qxc5+ Qd6 24. Qxd6+ Kxd6 25. Kg2 Rh5 26. a4 Nd5 27. Rc1 Nc7 28. Rc6+ Kd7 29. Rc4+ Nxb5 30. axb5 Rxb5 31. b4 Ke7 32. Kf3 Kf6 33.
Ke4 Re5+ 34. Kf3 Rf5+ 35. Ke3 Rb5 36. d4 g5 37. g4 Kg6 38. Kd3 f5 39. gxf5+ exf5 40. Kc3 g4 41. Rc6+ Kg5 42. Kc4 Rb8 43. d5 f4 44. d6 g3 45. fxg3 fxg3 46. d7 Rd8 47. Rc7 g2 48. Rc5+ Kg4 49. Rd5 g1=Q 50. Rd6 Qc1+ 51.
Kd4 Rxd7 52. Rxd7 Qd1+ 53. Kc5 Qxd7 54. b5 Qc7+ 55. Kb4 Qb6 0

[Event "Open Nuevo Centro. Jornada 2"]
[Site "Chess.com"]
[Date "2020.06.26"]
[Round "7"]
[White "Randazzo, Adrián"]
[Black "Kovacevic, Slobodan"]
[Result "1-0"]
[WhiteElo "2472"]
[BlackElo "2112"]
[TimeControl "180+2"]
[EndTime "11:47:37 PDT"]
[Termination "Victoria de Nikithebest por tiempo"]

1. e4 c5 2. Nf3 e6 3. d3 Nc6 4. g3 d6 5. Bg2 Nf6 6. O-O Qc7 7. Nc3 Be7 8. d4 cxd4 9. Nxd4 Bd7 10. Ndb5 Qb8 11. Bf4 Ne5 12. Bg5 a6 13. Bxf6 gxf6 14. Nd4 Qc7 15. a4 h5 16. h4 Rc8 17. Nce2 b5 18. axb5 axb5 19. c3 Ng6 20. Nc2 Kf8 21.
Nb4 Kg7 22. f4 Rcg8 23. Kh2 Rh7 24. Ra6 Kh8 25. Qd3 Rhg7 26. Rfa1 Nxh4 27. Ra7 Qd8 28. Ra8 Qb6 29. Rxg8+ Rxg8 30. gxh4 Qf2 31. Qf3 Qxh4+ 32. Qh3 Qf2 33. Qxh5+ Kg7 34. Qg4+ Kh7 35. Qf3 Qc5 36.
Nd3 Qb6 37. f5 e5 38. Nb4 Bc6 39. Nxc6 Qxc6 40. Ra7 Qe8 41. Ng3 Rh8 42. Kg1 d5 43. Nh5 Rg8 44. Qh3 Qd8 45. Nxf6+ Kg7 46. Nxg8 Bc5+ 47.
Kh2 Bxa7 48. Qg4+ Kh7 49. f6 Qf8 50. exd5 1

[Event "Open Nuevo Centro. Jornada 2"]
[Site "Chess.com"]
[Date "2020.06.26"]
[Round "7"]
[White "Segarra Martinez, Axel"]
[Black "Lloret Ramis, Juan José"]
[Result "1-0"]
[WhiteElo "2216"]
[BlackElo "1984"]
[TimeControl "180+2"]
[EndTime "11:47:40 PDT"]
[Termination "Victoria de Alejandrosky por abandono"]

1. e4 e6 2. d4 d5 3. Nd2 Nf6 4.
e5 Ne4 5. c3 Nxd2 6. Bxd2 c5 7.
f4 Nc6 8. Nf3 Qb6 9. Qb3 c4 10.
Qxb6 axb6 11. a3 b5 12. Rd1 Be7 13. Be2 Bd7 14. O-O O-O-O 15. g4 f6 16. Kg2 Be8 17. f5 exf5 18. gxf5 g6 19. fxg6 Bxg6 20. exf6 Bxf6 21. Ng5 Bxg5 22. Bg4+ Kc7 23. Bxg5 Be4+ 24. Kh3 Rdg8 25. Rf7+ Kb6 26. Kh4 h6 27. Bf6 Rf8 28. Rxf8 Rxf8 29.
Rf1 Ne7 30. Bh3 Nf5+ 31. Bxf5 Rxf6 32. Bh3 Rg6 33. Kh5 Kc6 34. Rf7 Kb6 35. Bc8 Rg2 36.
Rxb7+ Ka5 37. h4 Rxb2 38. Bd7 Rb3 39. Kxh6 Rxc3 40. Rxb5+ Ka6 41. a4 Rh3 42. h5 c3 43.
Rc5 c2 44. Bxh3 1

[Event "Open Nuevo Centro. Jornada 2"]
[Site "Chess.com"]
[Date "2020.06.26"]
[Round "7"]
[White "Birnoveanu, Petru"]
[Black "Denis Cazacu, Ioan"]
[Result "1-0"]
[WhiteElo "1689"]
[BlackElo "1394"]
[TimeControl "180+2"]
[EndTime "11:48:01 PDT"]
[Termination "Victoria de piculet por abandono"]

1. e4 c5 2. c4 Nc6 3. Nc3 g6 4. d3 Bg7 5. f4 e5 6. Nge2 Nf6 7. fxe5 Nxe5 8. Bf4 Nc6 9. Nd5 Nxd5 10. exd5 Nd4 11. Nxd4 Bxd4 12. Be2 Bxb2 13. Rb1 Bc3+ 14. Bd2 Bxd2+ 15. Qxd2 O-O 16. O-O d6 17. Qf4 Bf5 18. g4 Bd7 19. Rf2 Ba4 20. Rbf1 a6 21. g5 b5 22. Qg3 bxc4 23. dxc4 Ra7 24. Rf6 Re7 25.
Rxd6 Qb8 26. Rf2 Rfe8 27. Bf1 Re3 28. Qf4 R3e7 29. Qf6 Qc8 30. Rxa6 Qg4+ 31. Rg2 Qd1 32. d6 Re1 33. Rf2 Rf8 34. Qf3 Qc1 35. Rxa4 Qxg5+ 36. Qg2 Qe5 37. Qd5 Qxd5 38. cxd5 Rd8 39. Ra6 Rd1 40.
Kg2 Rxd5 41. Bc4 R5xd6 42. Rxd6 Rxd6 43. Bxf7+ Kg7 44. Bc4 Rd4 45. Rc2 Rg4+ 46. Kf3 Rd4 47.
Bb3 Rd3+ 48. Ke4 Rh3 49. Kd5 Rh5+ 50. Kc4 Rh4+ 51. Kxc5 Rf4 52. Bd5 Rf8 53. a4 Rc8+ 54.
Bc6 Kf6 55. Re2 Ra8 1

[Event "Open Nuevo Centro. Jornada 2"]
[Site "Chess.com"]
[Date "2020.06.26"]
[Round "7"]
[White "Perrot, Fabien "]
[Black "Rodriguez Rodriguez, Joan David "]
[Result "0-1"]
[WhiteElo "1000"]
[BlackElo "1598"]
[TimeControl "180+2"]
[EndTime "11:48:07 PDT"]
[Termination "Victoria de Not_Jr_chess por abandono"]

1. d4 d5 2. Nf3 Nf6 3. c4 Bg4 4. Bg5 e6 5. e3 Be7 6. Nc3 h6 7. Bh4 O-O 8. h3 Bf5 9. Ne5 Nbd7 10.
Qb3 dxc4 11. Bxc4 Ne4 12. Nxe4 Bxe4 13. f3 Bxh4+ 14. Ke2 Nxe5 15. fxe4 Nxc4 16. Qxc4 c6 17. Rac1 Qa5 18. a3 Rac8 19. Rhg1 Qa6 20. g3 Qxc4+ 21. Rxc4 Be7 22. Rgc1 Rfd8 23. Kf3 g5 24.
b4 a6 25. Ra1 e5 26. Rac1 exd4 27. exd4 Bf8 28. d5 Rc7 29. Kg4 Bd6 30. h4 gxh4 31.
gxh4 Rdd7 32. Kf5 cxd5 33. exd5 Rxc4 34. Rxc4 Rc7 35. Re4 Re7 36. Rc4 Re5+ 37. Kf6 Rxd5 38. Rg4+ Kh7 39. Rg7+ Kh8 40. Kxf7 Rf5+ 41. Kg6 Rf1 42.
Kxh6 Bf4+ 43. Kg6 Rg1+ 44. Kf5 Rxg7 45. Kxf4 Kh7 46. a4 Kh6 47. b5 axb5 48. axb5 Rc7 49. Ke5 Rc5+ 50. Kd6 Rxb5 0

[Event "Open Nuevo Centro. Jornada 2"]
[Site "Chess.com"]
[Date "2020.06.26"]
[Round "7"]
[White "Valverde Caballero, Rafael"]
[Black "Marín Corresa, Arturo"]
[Result "1/2-1/2"]
[WhiteElo "1913"]
[BlackElo "2190"]
[TimeControl "180+2"]
[EndTime "11:48:25 PDT"]
[Termination "Partida en tablas por mutuo acuerdo"]

1. c4 e5 2. Nc3 Nf6 3. Nf3 Nc6 4. e4 Bc5 5. Nxe5 Nxe5 6. d4 Bb4 7. dxe5 Nxe4 8. Qf3 Nxc3 9. bxc3 Be7 10. Bd3 d6 11.
Bf4 O-O 12. O-O Be6 13. Rad1 Qc8 14. Qg3 Rd8 15. Bh6 g6 16. Bg5 Bxg5 17. Qxg5 dxe5 18.
Qxe5 Rxd3 19. Rxd3 Bxc4 20. Rfd1 Bxd3 21. Rxd3 Qe8 22.
Qxe8+ Rxe8 23. Kf1 Re6 24. Rd7 Rc6 25. Rd3 b5 26.
Ke2 Kg7 27. Kd2 Rc4 28. Rd5 a6 29. g3 Ra4 30. Rc5 Rxa2+ 31. Ke3 Rc2 32. Rxc7 b4 33. c4 b3 34. Kd3 Rxf2 35. Ra7 b2 36. Rb7 a5 37.
Kc3 a4 38. Rxb2 Rf3+ 39. Kd4 Rf6 40. Ra2 Ra6 41. c5 Kf6 42. Kd5 Ke7 43. Kc4 Kd7 44. Kb5 Ra8 45. Rd2+ Kc7 46. Rf2 f5 47. Re2 Rb8+ 48.
Kxa4 Kc6 49. Re7 Rb7 50. Rxb7 Kxb7 51. Kb5 g5 52. c6+ Kc7 53. Kc5 h5 54. Kd5 h4 55.
gxh4 gxh4 56. Ke5 Kxc6 57. Kxf5 Kd6 58. Kg4 Ke6 59. Kxh4 Kf6 60. Kh5 Kg7 61. Kg5 Kh7 62. h4 Kg7 63. h5 Kh7 1/2-1

[Event "Open Nuevo Centro. Jornada 2"]
[Site "Chess.com"]
[Date "2020.06.26"]
[Round "7"]
[White "Castellano López, Javier"]
[Black "Saiz Sapena, Veronica"]
[Result "1-0"]
[WhiteElo "1803"]
[BlackElo "1548"]
[TimeControl "180+2"]
[EndTime "11:48:42 PDT"]
[Termination "Victoria de its_xavi_official por jaque mate"]

1. d4 d5 2. c4 c6 3. Nc3 Nf6 4. Bf4 a6 5. e3 e6 6. Nf3 Bd6 7.
Bg3 b5 8. b3 Bb4 9. Rc1 Ne4 10.
Qd3 Nxc3 11. Rxc3 Bxc3+ 12. Qxc3 O-O 13. Bd3 Nd7 14. O-O Bb7 15. Bb1 c5 16. Bd6 Re8 17.
dxc5 bxc4 18. bxc4 Rc8 19. cxd5 exd5 20. Rc1 Re6 21. Qd3 g6 22. Nd4 Rxd6 23. Qa3 Rf6 24.
Bd3 Qc7 25. Nb3 Ne5 26. Be2 Rc6 27. f4 Nc4 28. Bxc4 dxc4 29. Rxc4 Qd7 30. Nd4 R6c7 31. Qc3 Qg4 32. c6 Ba8 33. h3 Qd1+ 34. Kh2 h5 35. f5 Qf1 36. fxg6 fxg6 37. Ne6 Rf7 38. Ng5 Rg7 39. Ne6 Rf7 40. Ng5 Kf8 41. Qh8+ Ke7 42. Qxc8 Rf5 43. Qd7+ Kf6 44. Ne4+ Ke5 45. Qd4+ Ke6 46.
Nc5+ Kf7 47. Qd7+ Kg8 48. Qe8+ Kh7 49. Qe4 Qf2 50. Ne6 Rf6 51. Ng5+ Kh6 52. Nf3 Qh4 53.
Qxh4 Rf5 54. c7 Bxf3 55. gxf3 Rxf3 56. Qf4+ Rxf4 57. Rxf4 h4 58. c8=Q g5 59. Qh8+ Kg6 60. Rf6# 1

[Event "Open Nuevo Centro. Jornada 2"]
[Site "Chess.com"]
[Date "2020.06.26"]
[Round "7"]
[White "Deusa Ballesteros, Lucas "]
[Black "Roca Cruz, Rafael"]
[Result "1-0"]
[WhiteElo "1477"]
[BlackElo "1706"]
[TimeControl "180+2"]
[EndTime "11:48:54 PDT"]
[Termination "Victoria de facundillo2009 por tiempo"]

1. e4 c5 2. Nf3 e6 3. d4 cxd4 4. Nxd4 Nf6 5. Nc3 Bb4 6. Bd3 Nc6 7. Bd2 Nxd4 8. e5 Nd5 9. Qg4 Nf5 10. Bxf5 exf5 11. Qxg7 Rf8 12. Nxd5 Bxd2+ 13. Kxd2 Qa5+ 14. Nc3 b6 15. Qxh7 Qc5 16. Rhf1 Ba6 17. Qxf5 Bxf1 18.
Rxf1 O-O-O 19. Qe4 Qc6 20. Qxc6+ dxc6+ 21. Kc1 Rfe8 22. f4 b5 23. Ne4 Re6 24. h4 Rg8 25. Rg1 Kc7 26. h5 Rh6 27. g4 Rg7 28. Nf6 Kb6 29.
g5 Rh8 30. h6 Rg6 31. h7 c5 32. Rd1 Rg7 33. Rd6+ Kc7 34. Rd7+ Kc6 35. Rd1 c4 36. Rh1 Rg6 37. c3 a5 38. Rd1 b4 39. Rd4 Kc5 40.
Rd5+ Kc6 41. Rxa5 bxc3 42. bxc3 Rb8 43. Ra6+ Kc5 44. Rd6 Rh8 45. Rd1 Kb5 46. Rd7 Kc5 47. Rxf7 Kb5 48. Rb7+ Kc6 49. Re7 Kb6 50. e6 Kc6 51.
Rd7 Kb6 52. e7 Kc6 53. Rd8 Rxf6 54. Rxh8 1

[Event "Open Nuevo Centro. Jornada 2"]
[Site "Chess.com"]
[Date "2020.06.26"]
[Round "7"]
[White "URSARIU, NIKOLAS VICTOR"]
[Black "Torres Biosca, Roberto"]
[Result "1-0"]
[WhiteElo "868"]
[BlackElo "662"]
[TimeControl "180+2"]
[EndTime "11:49:11 PDT"]
[Termination "Victoria de NikolasVictor por jaque mate"]

1. e4 e5 2. Bc4 Bc5 3. Qh5 Nh6 4. Qxe5+ Be7 5. d3 O-O 6. Bxh6 Bf6 7. Qg3 Qe7 8. Nc3 Be5 9. f4 Bxc3+ 10. bxc3 Qf6 11. Bg5 Qg6 12. f5 Qh5 13. Bf6 Qh6 14. Bg5 Qh5 15. d4 h6 16. Be2 Qxg5 17. Qxg5 hxg5 18. Nf3 g4 19. Nd2 g6 20. O-O gxf5 21. exf5 d6 22. Bxg4 Nc6 23. d5 Ne5 24. Be2 f6 25. Nc4 Nd7 26.
Rf4 b5 27. Rg4+ Kh8 28. Rh4+ Kg8 29. Ne3 Ne5 30. Ng4 Nxg4 31. Bxg4 Rb8 32. Bh3 Bd7 33. Rg4+ Kh8 34. Re4 c6 35. Re7 Rbd8 36. dxc6 Bxc6 37. Rxa7 Rde8 38. Rc7 Ba8 39. Rd7 Rg8 40. Rxd6 Re7 41. Rxf6 Reg7 42. g3 Bd5 43. Bg2 Bc6 44. Bxc6 Rf8 45.
Rh6+ Rh7 46. Rxh7+ Kxh7 47. Bd5 Rh8 48. c4 Kh6 49.
cxb5 Kh5 50. b6 Kh6 51. b7 Kh5 52. f6 Kh6 53. f7 Kh7 54. a4 Kh6 55. a5 Kh7 56. a6 Kh6 57. a7 Kh7 58. a8=Q Kh6 59. Qxh8+ Kg5 60. Ra5 Kg4 61. Bb3 Kf3 62. Qc3+ Kg4 63.
Ra4+ Kh5 64. Qc5+ Kh6 65. f8=Q+ Kg6 66. Qcf5# 1

[Event "Open Nuevo Centro. Jornada 2"]
[Site "Chess.com"]
[Date "2020.06.26"]
[Round "7"]
[White "Valero Artagoitia, Sara"]
[Black "Rabbani Perez, Oumaima "]
[Result "0-1"]
[WhiteElo "494"]
[BlackElo "663"]
[TimeControl "180+2"]
[EndTime "11:49:39 PDT"]
[Termination "Victoria de OumaimaMaria por jaque mate"]

1. e4 e5 2. Nf3 Nf6 3. Bc4 Bc5 4. Nc3 Nc6 5. O-O O-O 6. d3 d6 7. Bg5 Be6 8. h3 Nd5 9. Bxd5 Bxd5 10. Bxd8 Be6 11.
Bxc7 Bb6 12. Bxd6 Rad8 13. Bxf8 Rxf8 14. Ng5 Nd4 15. Qh5 Bf5 16. exf5 Rb8 17. Nd5 Nxc2 18. Rac1 Ne3 19. Rfe1 Nxd5 20. Rxe5 Nf4 21. Qh4 Nxd3 22. Rce1 Nxe1 23. Rxe1 Rc8 24. a3 f6 25. Ne6 Re8 26.
Nf4 Ba5 27. Ne6 Bxe1 28. Nc7 Re2 29. Nb5 Bxf2+ 30. Kh2 Bxh4 31. Kg1 Bf2+ 32. Kh2 Re3 33. Kh1 Bg3 34. Kg1 Re5 35. Kh1 Rxb5 36. Kg1 Rxb2 37.
Kf1 Bf2 38. g3 Bxg3 39. h4 Bxh4 40. Kg1 Rb3 41. Kh1 Rxa3 42. Kh2 Ra5 43. Kh3 Rxf5 44.
Kxh4 g5+ 45. Kh3 g4+ 46. Kxg4 Rc5 47. Kf4 Rc4+ 48. Kf3 Rc3+ 49. Kg4 Rc4+ 50. Kf5 a5 51. Kxf6 a4 52. Ke6 a3 53. Kd6 a2 54. Kd5 Rc2 55. Ke6 a1=Q 56. Kd6 Re2 57. Kd5 Qd1+ 58. Kc5 Rc2+ 59.
Kb6 Qb1+ 60. Ka7 Ra2+ 61. Kb8 b5 62. Kb7 b4 63. Kc7 Qd1 64. Kb6 b3 65. Kb5 Qc1 66. Kb4 b2 67. Kb5 b1=Q# 0